 Dungeon Crawl Stone Soup version 0.31-a0-1010-g5322dac6a2 (webtiles) character file.

Game seed: 18101440936615590484

17 protoss039 the Digger (level 2, 21/21 HPs)
             Began as a Demonspawn Earth Elementalist on Nov 16, 2023.
             Got out of the dungeon alive.
             The game lasted 00:00:51 (679 turns).

protoss039 the Digger (DsEE)                         Turns: 679, Time: 00:00:52

Health: 21/21      AC:  5    Str:  8    XL:     2   Next: 44%
Magic:  5/5        EV: 10    Int: 16    God:
Gold:   40         SH:  0    Dex: 13    Spells: 4/5 levels left

rFire   . . .        d - +0 hand axe
rCold   . . .        (no shield)
rNeg    . . .        e - +0 ring mail
rPois   .            (no helmet)
rElec   .            (no cloak)
rCorr   .            (no gloves)
SInv    .            (no boots)
Will    .....        (no amulet)
Stlth   +            (no ring)
HPRegen 0.23/turn    (no ring)
MPRegen 0.09/turn

%: no passive effects
@: no status effects
A: ignite blood 1
a: no special abilities


You escaped.
You visited 1 branch of the dungeon, and saw 1 of its levels.

You collected 40 gold pieces.

Inventory:

Hand Weapons
 c - a +0 short sword
 d - a +0 hand axe (weapon)
Armour
 a - a +0 robe
 e - a +0 ring mail (worn)
Scrolls
 g - a scroll of enchant armour {unknown}
Potions
 b - a potion of magic
 f - a potion of degeneration {unknown}
 h - a potion of haste {unknown}
 i - a potion of brilliance {unknown}


   Skills:
 + Level 1.1 Fighting
 - Level 1.7 Dodging
 - Level 1.7 Stealth
 + Level 2.3 Spellcasting
 - Level 0.8 Transmutations
 + Level 3.0 Earth Magic


You had 4 spell levels left.
You knew the following spells:

 Your Spells              Type           Power      Damage    Failure   Level
a - Sandblast             Erth           22%        2d7       19%         1

Your spell library contained the following spells:

 Spells                   Type           Power      Damage    Failure   Level
 Passwall                 Tmut/Erth      6%         N/A       38%         2
 Stone Arrow              Conj/Erth      12%        3d7       69%         3
 Petrify                  Tmut/Erth      8%         N/A       95%         4
 Brom's Barrelling Bould  Conj/Erth      6%         2d3       97%         4


Dungeon Overview and Level Annotations

Branches:
Dungeon (1/15) Zot: 5295

Altars:


Innate Abilities, Weirdness & Mutations

Your demonic aura sometimes causes spilled blood to erupt in flames.


Message History

Key pressed, stopping explore.
No target in view!
You see here a ball python skeleton.
A kobold comes into view. It is wielding a +0 dagger.
The kobold shouts!
The kobold moves out of view.
A kobold is nearby!
You hit the kobold but do no damage. The kobold hits you but does no damage.
The kobold barely misses you.
A kobold is nearby!
You barely miss the kobold. The kobold hits you with a +0 dagger.
A kobold is nearby!
You hit the kobold.
You kill the kobold!
Casting: Sandblast (safe; 19% risk of failure)
Confirm with . or Enter, or press ? or * to list all spells.
Aiming: Sandblast (safe; 19% risk of failure)
Press: ? - help, Shift-Dir - straight line, f - you That would be overly suicidal.
Okay, then.
Things that are here:
a +0 dagger; a kobold corpse
Things that are here:
a +0 dagger; a kobold corpse Key pressed, stopping explore.
No target in view!
Things that are here:
a +0 whip; 3 stones Done exploring.
Done exploring.
Done exploring.
No target in view!
Done exploring.
Things that are here:
a +0 whip; 3 stones
There is an open door here.
You enter the shallow water.
Moving in this stuff is going to be slow.
There is a staircase leading out of the dungeon here.
You have escaped!

####....†###.....#
#########..#...#.....#
#..........###.......#
#.##.#####.#####.#...#
###'###### #...# #.#....
#...#~~≈≈# ###.# #.#.##.
#.#.#~##≈# #.###.#.##.
#.###~~~≈#####..##.#.##.
#.~~#~#@≈+..............
###~#~#~≈###............
#####~#~##~#
##...........
#.'.~#~#~~≈#
#...........
#.##########
#........... #...## #.##
#........... ###..###..#
#...........
##..###.#####..........#
##.# #.##.............#


There were no monsters in sight!

Vanquished Creatures
  4 ball pythons (D:1)
  A giant cockroach (D:1)
  2 goblins (D:1)
  A hobgoblin (D:1)
  4 kobolds (D:1)
  A quokka (D:1)
  2 frilled lizards (D:1)
  A rat (D:1)
16 creatures vanquished.

Notes
Turn   | Place    | Note
-------+----------+-------------------------------------------
     0 | D:1      | protoss039 the Demonspawn Earth Elementalist began the
                  | quest for the Orb.
     0 | D:1      | Reached XP level 1. HP: 13/13 MP: 3/3
   171 | D:1      | Gained mutation: Your demonic aura sometimes causes spilled
                  | blood to erupt in flames. [demonic ancestry]
   171 | D:1      | Reached XP level 2. HP: 20/20 MP: 5/5
   223 | D:1      | Found a faded altar of an unknown god.
   303 | D:1      | Reached skill level 1 in Fighting
   305 | D:1      | Reached skill level 3 in Earth Magic
   679 | D:$      | Got out of the dungeon alive.

Illustrated notes

Levels and vault maps discovered:
D:1:      ncdulo_wetmaze, layout_rooms, basic_ecumenical_altar,
          minmay_hedge_maze, chequers_mini_garden

Skill      XL: |  1  2 |
---------------+-------+-----
Fighting       | 1 |  1.1
Earth Magic    | 3 |  3.0
Dodging        | |  1.7
Stealth        | |  1.7
Spellcasting   | |  2.3
Transmutations | |  0.8

Action                     || total
---------------------------++-------
  Melee: Hand axe          ||    36
   Cast: Sandblast         ||     8
   Stab: Sleeping          ||     1
 Armour: Ring mail         ||    31
  Dodge: Dodged            ||    22

Table legend: (Time is in decaauts)
 A = Elapsed time spent in this place.
 B = Non-inter-level travel time spent in this place.
 C = Inter-level travel time spent in this place.
 D = Time resting spent in this place.
 E = Time spent auto-exploring this place.
 F = Levels seen in this place.
 G = Mean time per level.
                   A        B        C        D        E       F      G
               +--------+--------+--------+--------+--------+-----+--------+
         Total |    704 |    637 |     67 |     21 |    468 |   1 |  704.0 |
       Dungeon |    704 |    637 |     67 |     21 |    468 |   1 |  704.0 |
               +--------+--------+--------+--------+--------+-----+--------+

Top non-repeatable levels by time:
     D:1: 704 daAuts
